 Dungeon Crawl Stone Soup version 0.24-a0-235-g3f03afc (webtiles) character file.

Game seed: 6029145456580534477

121985 Hylith the Thaumaturge (level 16, 0/123 HPs)
             Began as a Gnoll Necromancer on Apr 6, 2019.
             Was the Champion of Okawaru.
             Killed from afar by Roxanne (25 damage)
             ... with an orb of energy
             ... on level 3 of the Spider Nest.
             The game lasted 02:44:37 (29454 turns).

Hylith the Thaumaturge (Gnoll Necromancer)         Turns: 29454, Time: 02:44:38

Health: 0/123      AC: 19    Str: 15    XL:     16   Next: 86%
Magic:  23/31      EV: 25    Int: 22    God:    Okawaru [******]
Gold:   2743       SH: 18    Dex: 16    Spells: 11/38 levels left

rFire    . . .     SeeInvis +   a - +7 mace "Hellblazer" {crush, Int+2}
rCold    . . .     Gourm    .   C - +2 shield {AC+3}
rNeg     . . .     Faith    .   w - +1 robe of Instinct {rPois SInv}
rPois    +         Spirit   .   D - +1 helmet
rElec    .         Reflect  +   g - +2 cloak {MR+}
rCorr    .         Harm     .   f - +0 pair of gloves
MR       ++...                  (no boots)
Stlth    +++++.....             n - +4 amulet of reflection
HPRegen  1.30/turn              T - +5 ring of evasion
MPRegen  0.22/turn              I - +5 ring of protection

@: about to teleport, regenerating
A: distributed training, fangs 1, strong nose
a: Heroism, Finesse, Renounce Religion


You were on level 3 of the Spider Nest.
You worshipped Okawaru.
Okawaru was exalted by your worship.
You were not hungry.

You visited 5 branches of the dungeon, and saw 25 of its levels.
You also visited: Bailey and Volcano.

You collected 2743 gold pieces.

Inventory:

Hand Weapons
 a - the +7 mace "Hellblazer" (weapon) {crush, Int+2}
   (You found it on level 5 of the Dungeon)

   It inflicts extra damage upon your enemies.
   It affects your intelligence (+2).
 b - a +2 hunting sling of velocity
Missiles
 R - 44 tomahawks (quivered)
 X - 10 javelins of returning
Armour
 f - a +0 pair of gloves (worn)
 g - a +2 cloak of magic resistance (worn)
 w - the +1 robe of Instinct (worn) {rPois SInv}
   (You found it on level 12 of the Dungeon)

   It protects you from poison.
   It lets you see invisible.
 C - a +2 shield of protection (worn)
 D - a +1 helmet (worn)
 Z - the +17 crystal plate armour of the Ladybird {rElec Str+3}
   (Okawaru gifted it to you on level 11 of the Dungeon)

   It affects your strength (+3).
   It insulates you from electricity.
Magical Staves
 k - an uncursed staff of power
Jewellery
 n - a +4 amulet of reflection (around neck)
 v - an uncursed ring of see invisible
 F - an uncursed amulet of regeneration
 I - a +5 ring of protection (right hand)
 K - an uncursed ring of resist corrosion
 P - the ring of Temptation {Str+3 Dex+3}
   (You found it on level 6 of the Dungeon)

   [ring of strength]

   It affects your strength (+3).
   It affects your dexterity (+3).
 T - a +5 ring of evasion (left hand)
 V - an uncursed ring of positive energy
 Y - the ring "Tuiz" {Ice Slay+6 Stlth+}
   (You took it off an orc warrior on level 10 of the Dungeon)

   [ring of ice]

   It enhances your ice magic.
   It affects your accuracy and damage with ranged weapons and melee attacks
   (+6).
   It makes you vulnerable to fire.
   It protects you from cold.
   It makes you more stealthy.
Wands
 l - a wand of polymorph (8)
 s - a wand of flame (54)
 u - a wand of scattershot (6)
 x - a wand of acid (20)
 z - a wand of disintegration (7)
Scrolls
 e - a scroll of summoning {unknown}
 h - 11 scrolls of teleportation
 j - 4 scrolls of magic mapping
 p - 4 scrolls of enchant weapon
 q - 7 scrolls of enchant armour
 r - a scroll of identify
 y - 6 scrolls of blinking
 B - 4 scrolls of remove curse
 E - 2 scrolls of fear
 H - 4 scrolls of amnesia
 U - 2 scrolls of fog
 W - a scroll of silence
Potions
 c - a potion of ambrosia {unknown}
 d - a potion of resistance {unknown}
 i - 3 potions of agility
 m - a potion of mutation {unknown}
 t - 2 potions of might
 A - 3 potions of brilliance
 G - 6 potions of curing
 L - a potion of berserk rage {unknown}
 M - 2 potions of cancellation
 N - 6 potions of magic
 O - 4 potions of haste
 S - 4 potions of invisibility
Miscellaneous
 o - a box of beasts
 Q - a lamp of fire
Comestibles
 J - 36 rations


   Skills:
 + Level 10.4 Fighting
 + Level 10.4 Short Blades
 + Level 10.4 Long Blades
 + Level 10.4 Axes
 + Level 10.4 Maces & Flails
 + Level 10.4 Polearms
 + Level 10.4 Staves
 + Level 10.4 Slings
 + Level 10.4 Bows
 + Level 10.4 Crossbows
 + Level 10.4 Throwing
 + Level 10.4 Armour
 + Level 11.3 Dodging
 + Level 11.2 Stealth
 + Level 10.4 Shields
 + Level 10.4 Unarmed Combat
 + Level 11.5 Spellcasting
 + Level 8.8 Conjurations
 + Level 8.8 Hexes
 + Level 8.8 Charms
 + Level 8.8 Summonings
 + Level 11.2 Necromancy
 + Level 8.8 Translocations
 + Level 8.8 Transmutations
 + Level 8.8 Fire Magic
 + Level 8.8 Ice Magic
 + Level 8.8 Air Magic
 + Level 8.8 Earth Magic
 + Level 8.8 Poison Magic
 + Level 11.3 Invocations
 + Level 10.4 Evocations


You had 11 spell levels left.
You knew the following spells:

 Your Spells              Type           Power        Failure   Level  Hunger
a - Pain                  Necr           ####         1%          1    None
b - Blink                 Tloc           N/A          1%          2    None
c - Vampiric Draining     Necr           ######....   1%          3    None
d - Iskenderun's Battles  Conj/Chrm      ######..     7%          5    ####...
e - Bolt of Magma         Conj/Fire/Erth ######....   7%          5    ####...
i - Summon Ice Beast      Ice/Summ       ######..     2%          4    None
l - Summon Lightning Spi  Summ/Air       ######..     2%          4    None
r - Regeneration          Chrm/Necr      ######....   1%          3    None

Your spell library contained the following spells:

 Spells                   Type           Power        Failure   Level  Hunger
 Animate Skeleton         Necr           N/A          1%          1    None
 Apportation              Tloc           ######       1%          1    None
 Confusing Touch          Hex            ######       1%          1    None
 Corona                   Hex            ######.      1%          1    None
 Freeze                   Ice            ####         1%          1    None
 Magic Dart               Conj           ####         1%          1    None
 Summon Small Mammal      Summ           ####         1%          1    None
 Call Imp                 Summ           ######..     1%          2    None
 Ensorcelled Hibernation  Hex/Ice        ######       1%          2    None
 Shroud of Golubria       Chrm/Tloc      ######....   1%          2    None
 Slow                     Hex            ######..     1%          2    None
 Throw Frost              Conj/Ice       ######       1%          2    None
 Call Canine Familiar     Summ           ######..     1%          3    None
 Confuse                  Hex            ######..     1%          3    None
 Conjure Flame            Conj/Fire      ######..     1%          3    None
 Dazzling Spray           Conj/Hex       ######       1%          3    None
 Gell's Gravitas          Tloc           ######....   1%          3    None
 Lesser Beckoning         Tloc           ######....   1%          3    None
 Mephitic Cloud           Conj/Pois/Air  ######..     1%          3    None
 Ozocubu's Armour         Chrm/Ice       ######..     1%          3    None
 Summon Guardian Golem    Hex/Summ       ######..     1%          3    None
 Teleport Other           Tloc           ######..     1%          3    None
 Tukima's Dance           Hex            ######..     1%          3    None
 Animate Dead             Necr           N/A          1%          4    None
 Passage of Golubria      Tloc           N/A          2%          4    None
 Throw Icicle             Conj/Ice       ######..     2%          4    None
 Venom Bolt               Conj/Pois      ######....   7%          5    ####...
 Iron Shot                Conj/Erth      ######....   36%         6    #####..
 Orb of Destruction       Conj           ######....   90%         7    #######
 Spellforged Servitor     Conj/Summ      ######....   90%         7    #######


Dungeon Overview and Level Annotations

Branches:
Dungeon (14/15)            Temple (0/1) D:5            Lair (5/6) D:8
  Swamp (1/4) Lair:2       Spider (3/4) Lair:2        Slime (0/5) Lair:5
    Orc (2/2) D:9             Elf (0/3) Orc:2        Vaults (0/5) D:13

Altars:
Ashenzari
Cheibriados
Dithmenos
Fedhas
Hepliaklqana
Kikubaaqudgha
Makhleb
Nemelex Xobeh
Okawaru
Ru
Uskayaw
Wu Jian
Xom

Shops:
D:8 :   D:9 *   D:11 :   Orc:2 }(:(*

Annotations:
D:9 3 runed translucent doors, Ijustatesigmund's ghost, novice OpMo
D:13 2 transporters, Nib's ghost, journeyman GrEE
Spider:3 exclusion: lightning spire, Mara; Roxanne
Orc:2 2 runed translucent doors, confidenceinterval's ghost, journeyman MiGl


Innate Abilities, Weirdness & Mutations

Your experience applies equally to all skills.
You have very sharp teeth.
Your uncanny sense of smell can sniff out nearby items.


Message History

The iron shot hits you!!!
Your lightning spire shoots out a bolt of lightning at Roxanne!
The bolt of electricity hits Roxanne.
Roxanne resists.
Casting: Vampiric Draining (safe; 1% risk of failure)
Confirm with . or Enter, or press ? or * to list all spells.
A chill wind blows around you.
Roxanne casts a spell.
The crystal spear hits you!!!
* * * LOW HITPOINT WARNING * * *
As you read the scroll of teleportation, it crumbles to dust.
You feel strangely unstable.
Casting: Summon Ice Beast (safe; 2% risk of failure)
Confirm with . or Enter, or press ? or * to list all spells.
Your skin crawls.
Your ice beast hits Roxanne but does no damage.
You hit Roxanne.
Roxanne is moderately damaged.
Roxanne casts a spell.
The orb of energy hits you!!
You die...

.##...##.......#^#....##.....####
##.....#....^...###....#.........
#.....○#........# #####.........#
<...............## ##.........##
........#...8^...# #......(...#
...R...#.........####..........#
.#○..##.#.........##...........#
##○..##.##........##^.^.....^.###
..○.## ###.....Y@.###.......#.##.
..°.. ##.....8.............#..
...... ####........#..####....
....... #........### ##....#
.....#.# ...........####....##
#...##.# .............##..###.#
^...>...........## ##.
..........^.....## ##..
...............# #...


You could see Roxanne, a friendly ice beast and a friendly lightning spire.

Vanquished Creatures
  A fire giant (D:10)
  A ghost moth (Spider:1)
  2 emperor scorpions
  Azrael (Spider:3)
  Snorg (D:10)
  A vault guard (D:13)
  An ogre mage (D:13)
  5 hydras
  3 centaur warriors (D:13)
  A shambling mangrove (Swamp:1)
  5 two-headed ogres
  An alligator (Swamp:1)
  A fire crab (Lair:5)
  2 unseen horrors
  A swamp dragon (Swamp:1)
  3 orc knights
  A wolf spider zombie (D:13)
  2 orc sorcerers (Orc:2)
  5 orb spiders
  5 wolf spiders
  2 deep elf magi (D:12)
  3 ugly things
  A manticore (D:13)
  A moth of wrath (Spider:3)
  5 oklob plants
  3 black mambas
  4 centaur zombies
  Maurice (D:10)
  A torpor snail (Lair:4)
  Joseph (D:7)
  2 molten gargoyles (Volcano)
  3 spiny frogs
  Psyche (D:10)
  4 gargoyles
  A rime drake (Lair:5)
  10 demonic crawlers
  A tengu conjurer (D:14)
  5 trolls
  21 jumping spiders
  5 hornets (Lair:2)
  A merfolk (D:9)
  4 slime creatures (D:14)
  6 blink frogs
  5 hippogriffs
  34 redbacks
  4 spriggans
  A shadow (Swamp:1)
  A wyvern (Lair:5)
  Eustachio (D:4)
  6 tarantellas
  A tarantella (shapeshifter) (D:14)
  Sigmund (D:4)
  4 water elementals (D:14)
  3 fire elementals (Spider:3)
  50 yaks
  3 fire bats (Lair:1)
  A hog (shapeshifter) (D:13)
  A basilisk (Lair:4)
  7 vampire mosquitoes
  2 hungry ghosts (D:11)
  2 swamp worms (Swamp:1)
  2 wargs (Orc:1)
  Menkaure (D:7)
  A soldier ant (D:12)
  A hell hound (Volcano)
  8 water moccasins
  Duvessa (D:4)
  2 swamp drakes (Swamp:1)
  7 porcupines
  3 phantoms
  A necrophage (D:11)
  37 orc warriors
  4 ice beasts
  4 eyes of draining
  A hornet zombie (D:5)
  13 ogres
  5 sky beasts
  16 centaurs
  11 crocodiles
  Blork the orc (D:4)
  2 big kobolds
  2 wyvern zombies
  18 bullfrogs
  Dowan (D:4)
  3 scorpions
  7 killer bees
  3 electric eels (D:14)
  10 howler monkeys
  2 crimson imps
  A bullfrog zombie (D:13)
  12 hounds
  12 jellies
  A lava snake (Volcano)
  A quasit (D:10)
  A gnoll shaman (D:5)
  9 orc priests
  Crazy Yiuf (D:5)
  10 orc wizards
  2 bullfrog skeletons
  2 centaur skeletons
  8 iguanas
  12 worker ants
  3 hound skeletons
  A howler monkey zombie (D:8)
  11 gnolls
  3 howler monkey skeletons
  15 adders
  4 shadow imps
  An ooze (D:3)
  3 adder skeletons
  An adder zombie (D:9)
  6 worms
  2 dart slugs
  11 leopard geckos
  112 orcs
  A ball python (D:1)
  7 giant cockroaches
  10 goblins
  6 hobgoblins
  4 jackals (D:1)
  4 quokkas
  7 bats
  9 frilled lizards
  A jackal skeleton (D:4)
  16 kobolds
  A leopard gecko skeleton (D:8)
  3 quokka skeletons
  A quokka zombie (D:3)
  8 rats
  2 plants (Lair:3)
748 creatures vanquished.

Vanquished Creatures (collateral kills)
  Louise (Swamp:1)
  An alligator (Swamp:1)
  A two-headed ogre (D:14)
  A hell hog (Volcano)
  A fire crab (Volcano)
  4 orb spiders
  6 wolf spiders
  2 oklob plants (Lair:2)
  2 torpor snails
  A spiny frog (Swamp:1)
  8 jumping spiders
  2 hornets
  A bog body (Swamp:1)
  2 tarantellas
  5 redbacks
  2 fire bats (Volcano)
  2 steam dragons (Volcano)
  A vampire mosquito (Swamp:1)
  A swamp worm (Swamp:1)
  4 hell hounds
  A swamp drake (Swamp:1)
  2 lava snakes (Volcano)
51 creatures vanquished.

Vanquished Creatures (others)
  Nessos (Orc:2)
  4 orc warriors (Orc:2)
  10 centaurs
  8 orcs
  2 fire vortices (Lair:3)
  3 fungi (Lair:3)
  3 plants
31 creatures vanquished.

Grand Total: 830 creatures vanquished

Notes
Turn   | Place    | Note
-------+----------+-------------------------------------------
     0 | D:1      | Hylith the Gnoll Necromancer began the quest for the Orb.
     0 | D:1      | Reached XP level 1. HP: 13/13 MP: 6/6
   135 | D:1      | Reached XP level 2. HP: 10/19 MP: 3/7
   607 | D:1      | Reached XP level 3. HP: 20/25 MP: 7/9
   643 | D:1      | Learned a level 3 spell: Regeneration
   647 | D:1      | Learned a level 3 spell: Vampiric Draining
   712 | D:1      | Reached skill level 5 in Spellcasting
   934 | D:2      | Reached skill level 1 in Invocations
   971 | D:2      | Reached skill level 1 in Fighting
   971 | D:2      | Reached skill level 1 in Short Blades
   971 | D:2      | Reached skill level 1 in Long Blades
   971 | D:2      | Reached skill level 1 in Axes
   971 | D:2      | Reached skill level 1 in Maces & Flails
   971 | D:2      | Reached skill level 1 in Polearms
   971 | D:2      | Reached skill level 1 in Staves
   971 | D:2      | Reached skill level 1 in Slings
   971 | D:2      | Reached skill level 1 in Bows
   971 | D:2      | Reached skill level 1 in Crossbows
   971 | D:2      | Reached skill level 1 in Throwing
   971 | D:2      | Reached skill level 1 in Armour
   971 | D:2      | Reached skill level 1 in Shields
   971 | D:2      | Reached skill level 1 in Unarmed Combat
   971 | D:2      | Reached skill level 1 in Evocations
   976 | D:2      | Reached XP level 4. HP: 22/32 MP: 1/11
  1426 | D:2      | Found an ornate altar of the Wu Jian Council.
  1595 | D:3      | Reached skill level 1 in Conjurations
  1595 | D:3      | Reached skill level 1 in Hexes
  1595 | D:3      | Reached skill level 1 in Charms
  1595 | D:3      | Reached skill level 1 in Summonings
  1595 | D:3      | Reached skill level 1 in Translocations
  1595 | D:3      | Reached skill level 1 in Transmutations
  1595 | D:3      | Reached skill level 1 in Fire Magic
  1595 | D:3      | Reached skill level 1 in Ice Magic
  1595 | D:3      | Reached skill level 1 in Air Magic
  1595 | D:3      | Reached skill level 1 in Earth Magic
  1595 | D:3      | Reached skill level 1 in Poison Magic
  1670 | D:3      | Reached XP level 5. HP: 36/37 MP: 0/12
  1767 | D:3      | Found an iron altar of Okawaru.
  1772 | D:3      | Became a worshipper of Warmaster Okawaru
  2266 | D:3      | Found a snail-covered altar of Cheibriados.
  2360 | D:4      | Noticed Eustachio
  2392 | D:4      | Killed Eustachio
  2392 | D:4      | Reached skill level 5 in Dodging
  2392 | D:4      | Reached XP level 6. HP: 36/44 MP: 2/14
  2560 | D:4      | Noticed Duvessa
  2560 | D:4      | Noticed Dowan
  2608 | D:4      | Noticed Sigmund
  2876 | D:4      | Killed Duvessa
  2876 | D:4      | Reached * piety under Okawaru
  2876 | D:4      | Reached XP level 7. HP: 31/50 MP: 0/15
  3062 | D:4      | Found a shattered altar of Ashenzari.
  3080 | D:4      | Killed Dowan
  3115 | D:4      | Reached skill level 5 in Stealth
  3355 | D:4      | Killed Sigmund
  3355 | D:4      | Reached ** piety under Okawaru
  3355 | D:4      | Reached XP level 8. HP: 37/58 MP: 11/16
  3398 | D:5      | Entered Level 5 of the Dungeon
  3402 | D:5      | Noticed Blork the orc
  3665 | D:4      | Killed Blork the orc
  3911 | D:5      | Found a hide-covered altar of Uskayaw.
  3911 | D:5      | Found a sparkling altar of Nemelex Xobeh.
  3917 | D:5      | Found a shimmering altar of Xom.
  3919 | D:5      | Found a faded altar of an unknown god.
  3920 | D:5      | Found a faded altar of an unknown god.
  4118 | D:5      | Found a burning altar of Makhleb.
  4174 | D:5      | Found a runed translucent door.
  4175 | D:5      | Noticed Crazy Yiuf
  4198 | D:5      | Killed Crazy Yiuf
  4212 | D:5      | Got a translucent mace
  4373 | D:5      | Found a staircase to the Ecumenical Temple.
  4765 | D:6      | Reached XP level 9. HP: 60/65 MP: 14/18
  5058 | D:6      | Got a faintly glowing pewter ring
  5072 | D:6      | Identified the ring of Temptation {Str+3 Dex+3} (You found
                  | it on level 6 of the Dungeon)
  5678 | D:7      | Noticed Menkaure
  5700 | D:7      | Killed Menkaure
  5712 | D:7      | Identified the +7 mace "Hellblazer" {crush, Int+2} (You
                  | found it on level 5 of the Dungeon)
  5834 | D:7      | Noticed Joseph
  5891 | D:7      | Found a blossoming altar of Fedhas.
  5892 | D:7      | Found an ancient bone altar of Kikubaaqudgha.
  5922 | D:7      | Killed Joseph
  5922 | D:7      | Reached *** piety under Okawaru
  6027 | D:7      | Found a sacrificial altar of Ru.
  6172 | D:8      | Found a staircase to the Lair.
  6234 | D:8      | Found Naodah's Book Emporium.
  6406 | D:8      | Noticed a two-headed ogre
  6427 | D:8      | Killed a two-headed ogre
  6427 | D:8      | Reached skill level 5 in Invocations
  6427 | D:8      | Reached XP level 10. HP: 49/73 MP: 8/20
  6842 | D:8      | Reached **** piety under Okawaru
  7072 | D:9      | Reached skill level 5 in Fighting
  7072 | D:9      | Reached skill level 5 in Short Blades
  7072 | D:9      | Reached skill level 5 in Long Blades
  7072 | D:9      | Reached skill level 5 in Axes
  7072 | D:9      | Reached skill level 5 in Maces & Flails
  7072 | D:9      | Reached skill level 5 in Polearms
  7072 | D:9      | Reached skill level 5 in Staves
  7072 | D:9      | Reached skill level 5 in Slings
  7072 | D:9      | Reached skill level 5 in Bows
  7072 | D:9      | Reached skill level 5 in Crossbows
  7072 | D:9      | Reached skill level 5 in Throwing
  7072 | D:9      | Reached skill level 5 in Armour
  7072 | D:9      | Reached skill level 5 in Shields
  7072 | D:9      | Reached skill level 5 in Unarmed Combat
  7072 | D:9      | Reached skill level 5 in Evocations
  7340 | D:9      | Reached ***** piety under Okawaru
  7649 | D:9      | Noticed a deep elf mage
  7651 | D:9      | Identified the ring "Zanwew" {+Fly Dex+3}
  7656 | D:9      | Noticed Ijustatesigmund's ghost (novice OpMo)
  7737 | D:9      | Found a runed translucent gate.
  7738 | D:9      | Found a runed translucent gate.
  7739 | D:9      | Found a runed translucent gate.
  7749 | D:9      | Found Suwom's Assorted Antiques.
  7782 | D:9      | Reached XP level 11. HP: 61/81 MP: 22/22
  7972 | D:9      | Found a staircase to the Orcish Mines.
  8110 | D:9      | Found a hazy altar of Hepliaklqana.
  8164 | D:10     | Entered Level 10 of the Dungeon
  8182 | D:10     | Noticed Maurice
  8196 | D:10     | Killed Maurice
  8309 | D:10     | Received a gift from Okawaru
  8409 | D:10     | Found a flagged portal.
  8414 | Bailey   | Entered a bailey
  8422 | Bailey   | Reached skill level 5 in Conjurations
  8422 | Bailey   | Reached skill level 5 in Hexes
  8422 | Bailey   | Reached skill level 5 in Charms
  8422 | Bailey   | Reached skill level 5 in Summonings
  8422 | Bailey   | Reached skill level 5 in Translocations
  8422 | Bailey   | Reached skill level 5 in Transmutations
  8422 | Bailey   | Reached skill level 5 in Fire Magic
  8422 | Bailey   | Reached skill level 5 in Ice Magic
  8422 | Bailey   | Reached skill level 5 in Air Magic
  8422 | Bailey   | Reached skill level 5 in Earth Magic
  8422 | Bailey   | Reached skill level 5 in Poison Magic
  9934 | D:10     | Noticed a two-headed ogre
  9971 | D:9      | Killed a two-headed ogre
  9971 | D:9      | Received a gift from Okawaru
 10050 | D:10     | Identified the ring "Tuiz" {Ice Slay+6 Stlth+}
 10109 | D:10     | Noticed Psyche
 10131 | D:10     | Killed Psyche
 10243 | D:10     | Noticed Snorg
 10263 | D:10     | Killed Snorg
 10315 | D:10     | Noticed a fire giant
 10542 | D:10     | Identified the cursed +0 chain mail of Knowledge {Regen+}
 10670 | D:10     | Killed a fire giant
 10670 | D:10     | Reached XP level 12. HP: 89/89 MP: 16/24
 10994 | D:11     | Found Heppop's Book Emporium.
 11022 | D:11     | Received a gift from Okawaru
 11400 | D:11     | Received a gift from Okawaru
 11434 | D:11     | Got a crude crystal plate armour {god gift}
 11446 | D:11     | Identified the +17 crystal plate armour of the Ladybird
                  | {rElec Str+3} (Okawaru gifted it to you on level 11 of the
                  | Dungeon)
 11528 | D:11     | Noticed a two-headed ogre
 11538 | D:11     | Killed a two-headed ogre
 11770 | D:12     | Got a twisted robe
 11781 | D:12     | Identified the +1 robe of Instinct {rPois SInv} (You found
                  | it on level 12 of the Dungeon)
 12501 | D:12     | Noticed a two-headed ogre
 12511 | D:12     | Killed a two-headed ogre
 12805 | D:13     | Found a transporter.
 12806 | D:13     | Found a transporter.
 12922 | D:13     | Reached XP level 13. HP: 71/98 MP: 26/26
 12967 | D:13     | Received a gift from Okawaru
 13045 | D:13     | Received a gift from Okawaru
 13059 | D:13     | Noticed a vault guard
 13071 | D:13     | Identified the +7 great sword "Wikh" {freeze, *Corrode rC+
                  | rN+ MP+9}
 13071 | D:13     | Noticed an ogre mage
 13082 | D:13     | Killed a vault guard
 13090 | D:13     | Killed an ogre mage
 13117 | D:13     | Received a gift from Okawaru
 13155 | D:13     | Found a gate to the Vaults.
 13383 | D:13     | Noticed Nib's ghost (journeyman GrEE)
 13596 | D:13     | Reached ****** piety under Okawaru
 13615 | D:13     | Found a shimmering altar of Xom.
 13885 | D:14     | Learned a level 2 spell: Blink
 13890 | D:14     | Learned a level 4 spell: Summon Ice Beast
 13895 | D:14     | Learned a level 4 spell: Summon Lightning Spire
 14042 | D:14     | Found a shadowy altar of Dithmenos.
 14093 | D:14     | Received a gift from Okawaru
 14264 | D:14     | Reached skill level 10 in Necromancy
 14898 | Lair:1   | Entered Level 1 of the Lair of Beasts
 14966 | Lair:1   | Learned a level 5 spell: Bolt of Magma
 15181 | Lair:1   | Received a gift from Okawaru
 15407 | Lair:1   | Found a dark tunnel.
 15682 | Lair:2   | Found a hole to the Spider Nest.
 15797 | Lair:2   | Reached skill level 10 in Spellcasting
 15880 | Lair:2   | Found a staircase to the Swamp.
 15896 | Lair:2   | Reached XP level 14. HP: 82/106 MP: 28/28
 16785 | Lair:3   | Found a dark tunnel.
 16795 | Volcano  | Entered a volcano
 17026 | Volcano  | Found a bloodstained altar of Trog.
 17216 | Volcano  | Reached skill level 10 in Dodging
 17454 | Lair:3   | You fall through a shaft for 2 floors!
 17461 | Lair:5   | Found a staircase to the Slime Pits.
 17644 | Lair:5   | Found a runed translucent door.
 18276 | Lair:3   | Reached skill level 10 in Stealth
 19079 | Lair:3   | Received a gift from Okawaru
 19609 | Lair:4   | Reached skill level 10 in Invocations
 20466 | Orc:1    | Entered Level 1 of the Orcish Mines
 21120 | Orc:2    | Entered Level 2 of the Orcish Mines
 21371 | Orc:2    | Found a large runed translucent door.
 21371 | Orc:2    | Found a large runed translucent door.
 21394 | Orc:2    | Noticed confidenceinterval's ghost (journeyman MiGl)
 21737 | Orc:2    | Found a staircase to the Elven Halls.
 21740 | Orc:2    | Noticed Nessos
 21752 | Orc:2    | Killed Nessos
 22683 | Orc:2    | Found Costrargh's Gadget Shop.
 22879 | Orc:2    | Found Cezoqiv's Book Emporium.
 22879 | Orc:2    | Found Datiemyp's Weapon Shop.
 22881 | Orc:2    | Found Neemnyor's General Store.
 22883 | Orc:2    | Found Keugywk's Weapon Shoppe.
 23178 | Swamp:1  | Entered Level 1 of the Swamp
 23216 | Swamp:1  | Noticed Louise
 23228 | Swamp:1  | Killed Louise
 23228 | Swamp:1  | Received a gift from Okawaru
 23236 | Swamp:1  | Got a blackened halberd {god gift}
 23363 | Swamp:1  | Reached XP level 15. HP: 114/114 MP: 4/29
 24241 | Swamp:1  | HP: 4/115 [shambling mangrove (21)]
 24258 | Lair:2   | HP: 5/115 [hornet[a shambling mangrove] (3)]
 24399 | Spider:1 | Entered Level 1 of the Spider Nest
 24709 | Spider:1 | Received a gift from Okawaru
 25500 | Spider:1 | Reached skill level 10 in Fighting
 25500 | Spider:1 | Reached skill level 10 in Short Blades
 25500 | Spider:1 | Reached skill level 10 in Long Blades
 25500 | Spider:1 | Reached skill level 10 in Axes
 25500 | Spider:1 | Reached skill level 10 in Maces & Flails
 25500 | Spider:1 | Reached skill level 10 in Polearms
 25500 | Spider:1 | Reached skill level 10 in Staves
 25500 | Spider:1 | Reached skill level 10 in Slings
 25500 | Spider:1 | Reached skill level 10 in Bows
 25500 | Spider:1 | Reached skill level 10 in Crossbows
 25500 | Spider:1 | Reached skill level 10 in Throwing
 25500 | Spider:1 | Reached skill level 10 in Armour
 25500 | Spider:1 | Reached skill level 10 in Shields
 25500 | Spider:1 | Reached skill level 10 in Unarmed Combat
 25500 | Spider:1 | Reached skill level 10 in Evocations
 25500 | Spider:1 | Reached XP level 16. HP: 122/122 MP: 31/31
 26985 | Spider:3 | Noticed Mara
 27119 | Spider:3 | Learned a level 5 spell: Iskenderun's Battlesphere
 27572 | Spider:3 | Identified Roxanne's Almanac of the Mountains
 27572 | Spider:3 | Noticed Roxanne
 27627 | Spider:3 | Received a gift from Okawaru
 27996 | Spider:3 | Noticed Azrael
 28199 | Spider:3 | Noticed Hylith's illusion
 28511 | Spider:2 | You fall through a shaft!
 28894 | Spider:3 | Noticed Hylith's illusion
 29223 | Spider:3 | Killed Azrael
 29454 | Spider:3 | Killed from afar by Roxanne

Levels and vault maps discovered:
D:1:      dpeg_arrival_solitude, layout_loops_ring, bh_walls_and_bars
D:2:      layout_rooms, old_standard_altar
D:3:      minmay_razor_zed, layout_rooms, nicolae_overflow_crystal_walls,
          marbit_many_paths, kennysheep_generic_room_11
D:4:      layout_loops_ring, ashenzari_conservatory_becter, first_ration,
          uniq_eustachio, uniq_sigmund, uniq_duvessa
D:5:      layout_cave_pools, chequers_temple_overflow_minitemple,
          minmay_temple_entry_nine_rooms, makhleb_blood_cavern_becter,
          uniq_blork_the_orc, uniq_crazy_yiuf_cottage
D:6:      layout_loops_corners, wad_floor_pattern_2, nicolae_benzene_ring
D:7:      layout_rooms, grunt_temple_overflow_growth_and_decay,
          nicolae_ru_sacrificial_ziggurat, uniq_menkaure, uniq_joseph
D:8:      layout_cave_pods, lair_entry_dummy, serial_column_ruins,
          column_ruins_courtyard_long, column_ruins_columns_corner,
          column_ruins_grid_3, column_ruins_columns_straight,
          column_ruins_grid_3, column_ruins_open_medium, serial_shops, shop
D:9:      layout_long_grid, lemuel_round_altar, orc_0_dummy,
          gammafunk_ghost_split, serial_shops, nicolae_shop_overgrown_old_shop,
          hangedman_fish_farm
D:10:     minmay_octagon_keep, layout_small_grid, enter_bailey_3, special_room
          [special_room_orc], kennysheep_just_a_vault, uniq_maurice, uniq_snorg,
          uniq_psyche
D:11:     layout_irregular_city, serial_shops, shop
D:12:     layout_long_grid, minmay_large_rounded_square, grunt_ministairs_2
D:13:     layout_loops_ring, david_vaults_5, gammafunk_ghost_hive, tgw_xom
D:14:     layout_roguey, serial_bayou, serial_bayou_pond_b, serial_bayou_pond_b,
          serial_bayou_ford_a, serial_bayou_pond_d, serial_bayou_shore_a,
          serial_bayou_pond_a, grunt_dithmenos_smoke_and_mirrors
Lair:1:   layout_gridlike, nicolae_volcano_entry_batcave
Lair:2:   dpeg_oklob_gauntlet, layout_chaotic_city, swamp_mist,
          dummy_spider_entry
Lair:3:   layout_roguey, nicolae_volcano_entry_two_sided,
          grunt_forest_large_clearing_hut, minmay_lair_oklob_chamber
Lair:4:   layout_hall_layers, st_stairs_10, grunt_megastairs_3
Lair:5:   gammafunk_mikee_crab_dinner, layout_long_grid, minmay_slime_entry_eyes
Swamp:1:  layout_basic_swamp, hangedman_swamp_ruin_wall, swamp_pool5,
          grunt_ruined_hall, infiniplex_staircase_pool, uniq_louise
Spider:1: layout_spider_delve
Spider:2: layout_spider_delve, drop_trap, hangedman_spider_tarantella_strand
Spider:3: layout_chambers, uniq_azrael, uniq_roxanne, uniq_mara
Orc:1:    layout_caves, nicolae_orc_rockfall
Orc:2:    st_orc_rangers, layout_diamond_mine, ebering_ghost_disaster_area,
          serial_shops, shop, rock_pile, uniq_nessos
Bailey:   bailey_polearm_flooded_kennysheep, bailey
Volcano:  volcano_lake [vl_original]

Skill      XL: |  1  2  3  4  5  6  7  8  9 10 11 12 13 14 15 16 |
---------------+-------------------------------------------------+-----
Spellcasting   | 5 6 7 8 9 10 11 | 11.5
Invocations    | 1 2 3 4 5 6 7 8 9 10 11 | 11.3
Fighting       | 1 2 3 4 5 6 7 8 9 10 | 10.4
Short Blades   | 1 2 3 4 5 6 7 8 9 10 | 10.4
Long Blades    | 1 2 3 4 5 6 7 8 9 10 | 10.4
Axes           | 1 2 3 4 5 6 7 8 9 10 | 10.4
Maces & Flails | 1 2 3 4 5 6 7 8 9 10 | 10.4
Polearms       | 1 2 3 4 5 6 7 8 9 10 | 10.4
Staves         | 1 2 3 4 5 6 7 8 9 10 | 10.4
Slings         | 1 2 3 4 5 6 7 8 9 10 | 10.4
Bows           | 1 2 3 4 5 6 7 8 9 10 | 10.4
Crossbows      | 1 2 3 4 5 6 7 8 9 10 | 10.4
Throwing       | 1 2 3 4 5 6 7 8 9 10 | 10.4
Armour         | 1 2 3 4 5 6 7 8 9 10 | 10.4
Shields        | 1 2 3 4 5 6 7 8 9 10 | 10.4
Unarmed Combat | 1 2 3 4 5 6 7 8 9 10 | 10.4
Evocations     | 1 2 3 4 5 6 7 8 9 10 | 10.4
Conjurations   | 1 2 3 4 5 6 7 8 |  8.8
Hexes          | 1 2 3 4 5 6 7 8 |  8.8
Charms         | 1 2 3 4 5 6 7 8 |  8.8
Summonings     | 1 2 3 4 5 6 7 8 |  8.8
Translocations | 1 2 3 4 5 6 7 8 |  8.8
Transmutations | 1 2 3 4 5 6 7 8 |  8.8
Fire Magic     | 1 2 3 4 5 6 7 8 |  8.8
Ice Magic      | 1 2 3 4 5 6 7 8 |  8.8
Air Magic      | 1 2 3 4 5 6 7 8 |  8.8
Earth Magic    | 1 2 3 4 5 6 7 8 |  8.8
Poison Magic   | 1 2 3 4 5 6 7 8 |  8.8
Dodging        | 5 6 7 8 9 10 11 | 11.3
Stealth        | 5 6 7 8 9 10 11 | 11.2
Necromancy     | 8 9 10 11 | 11.2

Action                   |  1- 3 |  4- 6 |  7- 9 | 10-12 | 13-15 | 16-18 || total
-------------------------+-------+-------+-------+-------+-------+-------++-------
Melee: Unarmed           |     4 |       |       |       |       |       ||     4
       Club              |     5 |       |       |       |       |       ||     5
       Dagger            |       |    35 |       |       |       |       ||    35
       Bite              |       |    19 |    52 |   187 |   243 |    25 ||   526
       Mace              |       |   159 |   412 |   191 |  1392 |   186 ||  2340
       Punch             |       |     2 |       |       |       |       ||     2
       Short sword       |       |       |    50 |   938 |    14 |       ||  1002
       Staff             |       |       |       |       |    26 |    28 ||    54
 Fire: Hunting sling     |       |       |       |   177 |     5 |       ||   182
Throw: Tomahawk          |       |     3 |     5 |       |     8 |     6 ||    22
       Javelin           |       |       |       |    21 |    14 |       ||    35
 Cast: Pain              |    47 |    43 |    17 |    23 |     9 |    60 ||   199
       Vampiric Draining |       |    18 |    31 |    63 |    25 |    47 ||   184
       Regeneration      |       |       |    10 |     9 |    16 |     8 ||    43
       Summon Lightning  |       |       |       |       |    25 |    38 ||    63
       Summon Ice Beast  |       |       |       |       |    22 |    33 ||    55
       Blink             |       |       |       |       |     1 |     1 ||     2
       Bolt of Magma     |       |       |       |       |    47 |    26 ||    73
Invok: Heroism           |       |       |     3 |     2 |     2 |       ||     7
       Finesse           |       |       |       |     2 |       |       ||     2
Evoke: Wand              |       |       |       |       |     1 |       ||     1
  Use: Scroll            |       |     8 |     5 |     5 |    10 |     4 ||    32
       Potion            |       |       |       |       |     4 |       ||     4
 Stab: Sleeping          |       |     9 |     3 |    17 |     2 |     2 ||    33
       Distracted        |       |       |       |     1 |     2 |    10 ||    13
  Eat: Chunk             |       |     7 |    15 |    25 |    37 |     7 ||    91
       Ration            |       |       |       |       |     5 |     4 ||     9
Armor: Robe              |     4 |    20 |     2 |       |    30 |    87 ||   143
       Scale mail        |       |    59 |   187 |       |       |       ||   246
       Ring mail         |       |       |     5 |   176 |       |       ||   181
       Crystal plate arm |       |       |       |   177 |   892 |       ||  1069
       Skin              |       |       |       |       |       |     1 ||     1
Dodge: Dodged            |    12 |   128 |   233 |   401 |   407 |   299 ||  1480
Block: Other             |     4 |    20 |       |       |       |       ||    24
       Reflection        |     1 |       |     4 |    33 |   106 |     1 ||   145
       Buckler           |       |    61 |   237 |   441 |    54 |       ||   793
       Shield            |       |       |       |       |  1421 |   373 ||  1794

Table legend:
 A = Non-vault XP
 B = Vault XP
 C = Vault XP percentage of total XP
 D = Non-vault monster count
 E = Vault monster count
 F = Vault count percentage of total count
                 A         B        C        D         E       F
            +---------+---------+-------+---------+---------+-------
      Total |   93180 |   34883 |  27.2 |     617 |     202 |  24.7
            +---------+---------+-------+---------+---------+-------
        D:1 |      40 |       0 |   0.0 |      24 |       0 |   0.0
        D:2 |      79 |       0 |   0.0 |      22 |       0 |   0.0
        D:3 |     150 |      59 |  28.2 |      24 |      10 |  29.4
        D:4 |     509 |     744 |  59.4 |      22 |       5 |  18.5
        D:5 |     502 |      85 |  14.5 |      22 |       2 |   8.3
        D:6 |     529 |       0 |   0.0 |      14 |       0 |   0.0
        D:7 |     384 |     602 |  61.1 |       5 |       2 |  28.6
        D:8 |    1502 |       0 |   0.0 |      23 |       0 |   0.0
        D:9 |    5539 |     411 |   6.9 |      47 |       2 |   4.1
       D:10 |    1666 |    4755 |  74.1 |      31 |      37 |  54.4
       D:11 |    5184 |       0 |   0.0 |      34 |       0 |   0.0
       D:12 |    5041 |     396 |   7.3 |      22 |       2 |   8.3
       D:13 |    5274 |    5512 |  51.1 |      27 |      13 |  32.5
       D:14 |    5628 |    1034 |  15.5 |      38 |       7 |  15.6
     Lair:1 |    3557 |     591 |  14.2 |      19 |       3 |  13.6
     Lair:2 |    8709 |    1133 |  11.5 |      32 |       3 |   8.6
     Lair:3 |    3717 |    4530 |  54.9 |      15 |       9 |  37.5
     Lair:4 |     933 |     750 |  44.6 |       7 |       3 |  30.0
     Lair:5 |    3076 |     910 |  22.8 |      16 |       2 |  11.1
    Swamp:1 |    5917 |    1549 |  20.7 |      19 |       1 |   5.0
   Spider:1 |   11083 |       0 |   0.0 |      40 |       0 |   0.0
   Spider:2 |    7388 |     223 |   2.9 |      26 |       1 |   3.7
   Spider:3 |   11932 |    1420 |  10.6 |      38 |       7 |  15.6
      Orc:1 |    1303 |     788 |  37.7 |      22 |       3 |  12.0
      Orc:2 |    3538 |    4792 |  57.5 |      28 |      38 |  57.6
     Bailey |       0 |    2302 | 100.0 |       0 |      39 | 100.0
    Volcano |       0 |    2297 | 100.0 |       0 |      13 | 100.0
            +---------+---------+-------+---------+---------+-------
